 Dungeon Crawl Stone Soup version 0.31.0-9-g3a7656b989 (webtiles) character file.

Game seed: 3546792658455259183

191 qw the Skirmisher (level 5, 0/29 HPs)
             Began as a Deep Elf Hunter on Feb 2, 2024.
             Incinerated by a bombardier beetle (3 damage)
             ... with a burning spray
             ... on level 4 of the Dungeon.
             The game lasted 00:00:11 (1897 turns).

qw the Skirmisher (Deep Elf Hunter)                 Turns: 1897, Time: 00:00:11

Health: 0/29       AC: 10    Str: 10    XL:     5   Next: 41%
Magic:  7/7        EV: 16    Int: 14    God:
Gold:   91         SH:  0    Dex: 18    Spells: 4/4 levels left

rFire   . . .        a - +1 shortbow
rCold   . . .        (shield currently unavailable)
rNeg    + . .        f - +0 ring mail
rPois   .            (no helmet)
rElec   .            l - +1 cloak
rCorr   .            n - +2 pair of gloves
SInv    .            (no boots)
Will    .....        (no amulet)
Stlth   +            b - +5 ring of evasion
HPRegen 0.24/turn    e - ring of positive energy
MPRegen 0.10/turn

%: no passive effects
@: on fire, glowing
A: no striking features
a: no special abilities


You were on level 4 of the Dungeon.
You visited 1 branch of the dungeon, and saw 4 of its levels.

You collected 141 gold pieces.
You spent 50 gold pieces at shops.


   Skills:
 - Level 1.5 Fighting
 + Level 8.9 Ranged Weapons
 - Level 2.4 Dodging
 - Level 1.2 Stealth


You had 4 spell levels left.
You didn't know any spells.
Your spell library was empty.

Inventory:

Hand Weapons
 a - a +1 shortbow (weapon)
Armour
 f - a +0 ring mail (worn)
 l - a +1 cloak (worn)
 n - a +2 pair of gloves (worn)
Jewellery
 b - a +5 ring of evasion (left hand)
 e - a ring of positive energy (right hand)
Scrolls
 c - a scroll of identify
Potions
 d - a potion of mutation
 g - 2 potions of curing
 h - 2 potions of heal wounds
 k - a potion of haste

Dungeon Overview and Level Annotations

Branches:
Dungeon (4/15)
 Temple: D:4-7

Altars:
Fedhas
Kikubaaqudgha
Nemelex Xobeh
Xom
Yredelemnul

Shops:
D:2 *


Message History

Found two altars.
Found a shimmering altar of Xom.
You see here an adder corpse.
A bombardier beetle comes into view.
Found a stone staircase leading down.
You shoot an arrow. The arrow hits the bombardier beetle.
The bombardier beetle is lightly wounded.
You shoot an arrow. The arrow hits the bombardier beetle.
The bombardier beetle is moderately wounded.
You shoot an arrow.
The arrow hits the bombardier beetle but does no damage.
The bombardier beetle is moderately wounded.
You shoot an arrow. The arrow hits the bombardier beetle.
The bombardier beetle is severely wounded.
The bombardier beetle waves its antennae.
You shoot an arrow.
The arrow barely misses the bombardier beetle.
The bombardier beetle sprays incendiary fluid at you.
The burning spray hits you.
You are covered in liquid fire!
You shoot an arrow.
The arrow hits the bombardier beetle but does no damage.
The bombardier beetle is severely wounded.
The liquid fire burns you!
You shoot an arrow. The arrow hits the bombardier beetle!
You kill the bombardier beetle!
The liquid fire burns you!
You are on fire!
The liquid fire burns you!
You are on fire!
The liquid fire burns you!
You are on fire!
The liquid fire burns you!
You are on fire!
The liquid fire burns you!
You are on fire!
The liquid fire burns you!
You are on fire!
The liquid fire burns you!
You die...

#.####.### #..........#
#........# #.##.##.##.#
##8..8###.#####.##.##.##.#####
#_.....##.%........##.#...(..#
###..##########.#####......<.#
#......# #.#####.#..##..#
###..### ####.......#......#
#...._# #.......##.#.##...#
###..### #.@..)..##.#......#
#_.....# #.......##.......##
###..### .........#######.##
#......#...#.......# #.#
##_.8_##..##....%..# ...
#######.# #.......# #..# ##
#......... #..# .>......## ..#


There were no monsters in sight!

Vanquished Creatures
  2 bombardier beetles
  An iguana (D:4)
  3 adders
  2 dart slugs (D:1)
  A ribbon worm (D:2)
  3 orcs (D:3)
  3 endoplasms
  3 giant cockroaches
  10 goblins
  8 hobgoblins
  2 kobolds
  4 quokkas
  7 ball pythons
  5 bats
  6 frilled lizards
  9 rats
69 creatures vanquished.

Notes
Turn   | Place    | Note
-------+----------+-------------------------------------------
     0 | D:1      | qw the Deep Elf Hunter began the quest for the Orb.
     0 | D:1      | Reached XP level 1. HP: 12/12 MP: 3/3
     0 | D:1      | 0 ||| qw: Version: 0.3-a-155-g5e7d8dd
     0 | D:1      | 0 ||| qw: Game counter: 577
     0 | D:1      | 0 ||| qw: Melee chars always use a shield: true
     0 | D:1      | 0 ||| qw: God list: Okawaru
     0 | D:1      | 0 ||| qw: Allow faded altars: false
     0 | D:1      | 0 ||| qw: Do Orc after clearing Dungeon:15 true
     0 | D:1      | 0 ||| qw: Do second Lair branch before Depths: true
     0 | D:1      | 0 ||| qw: Lair rune preference: random
     0 | D:1      | 0 ||| qw: Goals: Normal
     0 | D:1      | 0 ||| PLANNING D:1-11
   136 | D:1      | Reached XP level 2. HP: 16/16 MP: 4/4
   159 | D:1      | Reached skill level 6 in Ranged Weapons
   333 | D:1      | You fall into a shaft and drop 1 floor!
   376 | D:2      | Found Nyhe Nyp's Assorted Antiques.
   380 | D:2      | 380 ||| UPGRADING to +1 pair of gloves.
   385 | D:2      | 385 ||| READING 2 scrolls labelled EJYARIELIS.
   386 | D:2      | 386 ||| READING scroll labelled LUUD SOJ FITA.
   387 | D:2      | 387 ||| READING scroll labelled ZOKICE CODGHAT.
   392 | D:2      | 392 ||| READING scroll labelled SOGRANTA DUPT.
   393 | D:2      | 393 ||| READING 2 scrolls labelled WOCESU DYNAEL.
   407 | D:2      | Reached XP level 3. HP: 20/20 MP: 5/5
   439 | D:2      | 439 ||| READING scroll labelled WEKKOPT MIWU.
   439 | D:2      | 439 ||| ENCHANTING +1 pair of gloves.
   440 | D:2      | 440 ||| READING 3 scrolls labelled ASORUCUEMP.
   440 | D:2      | 440 ||| IDENTIFYING dark potion
   441 | D:2      | 441 ||| READING 2 scrolls of identify.
   441 | D:2      | 441 ||| IDENTIFYING green potion
   442 | D:2      | 442 ||| READING scroll of identify.
   442 | D:2      | 442 ||| IDENTIFYING silvery potion
   443 | D:2      | 443 ||| DROPPING scroll of butterflies.
   444 | D:2      | 444 ||| DROPPING scroll of noise.
   445 | D:2      | 445 ||| DROPPING scroll of vulnerability.
   446 | D:2      | 446 ||| DROPPING potion of degeneration.
   464 | D:2      | 464 ||| FLEEEEING.
   465 | D:2      | 465 ||| FLEEEEING.
   466 | D:2      | 466 ||| STAIRDANCE
   661 | D:1      | 661 ||| UPGRADING to +5 ring of evasion.
   662 | D:1      | 662 ||| UPGRADING to ring of positive energy.
   692 | D:2      | 692 ||| STAIRDANCE
   699 | D:2      | 699 ||| STAIRDANCE
   715 | D:2      | 715 ||| STAIRDANCE
   722 | D:2      | 722 ||| STAIRDANCE
   725 | D:2      | 725 ||| STAIRDANCE
   750 | D:2      | Reached skill level 7 in Ranged Weapons
   764 | D:2      | 764 ||| SHOPLISTING glowing bronze wand (100 gold, have
                  | 83).
   764 | D:2      | 764 ||| BUYING scroll labelled SAFIET FUCSAPN (25 gold).
   764 | D:2      | Bought a scroll labelled SAFIET FUCSAPN for 25 gold pieces
   764 | D:2      | 764 ||| BUYING scroll labelled SAFIET FUCSAPN (25 gold).
   764 | D:2      | Bought a scroll labelled SAFIET FUCSAPN for 25 gold pieces
   764 | D:2      | 764 ||| SHOPLISTING scroll of identify (50 gold, have 33).
   895 | D:2      | Reached XP level 4. HP: 25/25 MP: 6/6
  1092 | D:2      | 1092 ||| READING 2 scrolls labelled SAFIET FUCSAPN.
  1093 | D:2      | 1093 ||| READING scroll labelled GOAGAA BAODENG.
  1093 | D:2      | 1093 ||| ENCHANTING +0 shortbow.
  1094 | D:2      | 1094 ||| READING 3 scrolls labelled OBROMAGOTWI.
  1095 | D:2      | 1095 ||| DROPPING scroll of fog.
  1096 | D:2      | 1096 ||| DROPPING 2 scrolls of amnesia.
  1210 | D:3      | Reached skill level 8 in Ranged Weapons
  1604 | D:3      | 1604 ||| UPGRADING to +0 ring mail.
  1614 | D:3      | 1614 ||| DROPPING +0 leather armour.
  1615 | D:3      | 1615 ||| UPGRADING to +1 cloak.
  1620 | D:3      | 1620 ||| READING scroll of identify.
  1620 | D:3      | 1620 ||| IDENTIFYING lumpy white potion
  1621 | D:3      | 1621 ||| READING scroll labelled SISAFRE XAAVVO.
  1663 | D:3      | 1663 ||| READING scroll labelled KEWNEETWEMOU.
  1664 | D:3      | 1664 ||| DRINKING 3 glowing inky potions.
  1666 | D:3      | 1666 ||| Stepping ~*~*~tactically~*~*~ (cloud).
  1813 | D:4      | Reached XP level 5. HP: 23/29 MP: 7/7
  1839 | D:4      | Found a blossoming altar of Fedhas.
  1856 | D:4      | Found a basalt altar of Yredelemnul.
  1857 | D:4      | Found an ancient bone altar of Kikubaaqudgha.
  1857 | D:4      | Found a sparkling altar of Nemelex Xobeh.
  1858 | D:4      | Found a shimmering altar of Xom.
  1895 | D:4      | HP: 5/29 [burnt (4)]
  1897 | D:4      | Incinerated by a bombardier beetle

Levels and vault maps discovered:
D:1:      dpeg_arrival_tiny_k, layout_rooms, serial_curves, eino_curves_01,
          eino_curves_02, minmay_pentomino_q4
D:2:      layout_rooms, serial_shops, shop
D:3:      layout_rooms, minmay_vboxes
D:4:      layout_loops_cross, minitemple, grunt_temple_overflow_open,
          minmay_goblin_kobold_house

Skill      XL: |  1  2  3  4 |
---------------+-------------+-----
Ranged Weapons | 6 7 8 |  8.9
Fighting       | |  1.5
Dodging        | |  2.4
Stealth        | |  1.2

Action                     |  1- 3 |  4- 6 || total
---------------------------+-------+-------++-------
   Fire: Shortbow          |   112 |    76 ||   188
    Use: Scroll            |     9 |     6 ||    15
         Potion            |       |     1 ||     1
 Armour: Leather armour    |    23 |     6 ||    29
         Ring mail         |       |     2 ||     2
  Dodge: Dodged            |    43 |    20 ||    63

Table legend:
 A = Non-vault XP
 B = Vault XP
 C = Vault XP percentage of total XP
 D = Non-vault monster count
 E = Vault monster count
 F = Vault count percentage of total count
                 A         B        C        D         E       F
            +---------+---------+-------+---------+---------+-------
      Total |     259 |      14 |   5.1 |      62 |       7 |  10.1
            +---------+---------+-------+---------+---------+-------
        D:1 |      42 |       6 |  12.5 |      27 |       2 |   6.9
        D:2 |      52 |       0 |   0.0 |      17 |       0 |   0.0
        D:3 |      69 |       8 |  10.4 |      15 |       5 |  25.0
        D:4 |      96 |       0 |   0.0 |       3 |       0 |   0.0
            +---------+---------+-------+---------+---------+-------
